[Event "1000GM Schev-C-B February 2024"]
[Site "Santa Clara"]
[Date "2024.02.25"]
[Round "3.1"]
[White "Xia, Joshua"]
[Black "Gracia Alvarez, Gerardo Antonio"]
[Result "0-1"]
[ECO "C76"]
[WhiteElo "1922"]
[BlackElo "2224"]
[Annotator "RC"]
[PlyCount "102"]
[EventDate "2024.02.13"]
[EventType "schev"]
[EventCountry "USA"]
[SourceTitle "playchess.com"]
[Source "ChessBase"]
[SourceQuality "1"]
[TimeControl "5400+30"]

1. e4 e5 2. Nf3 Nc6 3. Bb5 a6 4. Ba4 d6 5. c3 Bd7 6. d4 g6 7. Bg5 Be7 8. Be3 Nf6 9. Nbd2 b5 10. Bb3 Ng4 11. Qe2 Na5 12. h3 Nxe3 13. Qxe3 Nxb3 14. axb3 exd4 15. cxd4 c5 16. O-O O-O 17. d5 Bf6 18. Qf4 Bc8 19. Ra2 Re8 20. Rc1 Bg7 21. b4 cxb4 22. Nb3 Qf6 23. Qxf6 Bxf6 24. Nfd2 Ra7 25. f4 Bd8 26. Kf2 f5 27. Kf3 Bb7 28. Nd4 fxe4+ 29. Ke2 Bxd5 30. Nxb5 Bxa2 31. Nxa7 Bf6 32. Nc6 a5 33. Nxa5 e3 34. Nf3 Bf7 35. b3 Bc3 36. Ng5 d5 37. Nxf7 Kxf7 38. Rd1 Bd2 39. Nc6 Kf6 40. Ra1 Kf5 41. Ra4 Ke4 42. g3 d4 43. Ne5 Rxe5 44. fxe5 d3+ 45. Kd1 Bc3 46. Ra2 Kf3 47. e6 e2+ 48. Rxe2 dxe2+ 49. Kc2 e1=Q 50. e7 Qd2+ 51. Kb1 Qb2# 0-1

[Event "1000GM Schev-C-B February 2024"]
[Site "Santa Clara"]
[Date "2024.02.25"]
[Round "3.2"]
[White "Qi, Jenny"]
[Black "Echavarria, Johann"]
[Result "0-1"]
[ECO "B33"]
[WhiteElo "1605"]
[BlackElo "2269"]
[Annotator "TA"]
[PlyCount "96"]
[EventDate "2024.02.13"]
[EventType "schev"]
[EventCountry "USA"]
[SourceTitle "playchess.com"]
[Source "ChessBase"]
[SourceQuality "1"]
[TimeControl "5400+30"]

1. e4 c5 2. Nf3 Nc6 3. d4 cxd4 4. Nxd4 Nf6 5. Nc3 e6 6. Ndb5 d6 7. Bf4 e5 8. Bg5 a6 9. Na3 Be6 10. Nc4 Rb8 11. Ne3 Be7 12. Bxf6 {[%emt 0:00:00] White has an edge.} Bxf6 13. Ncd5 Bg5 14. c3 O-O 15. h4 Bxe3 16. Nxe3 b5 17. g3 b4 18. c4 {[%emt 0:00:00] [#]} ({White should play} 18. Bc4 $11) 18... b3 $1 $15 19. axb3 (19. a3 Qa5+) 19... Nd4 20. Bg2 (20. Ra3 $15) 20... a5 {[%emt 0:01:22] Black is more active.} ({Don't do} 20... Nxb3 21. Rxa6 Nd4 22. O-O $15) ({Black should try} 20... Rxb3 $17 21. Rxa6 Qc8 (21... Rxb2 22. O-O $17)) 21. Ra3 Qb6 22. O-O Nxb3 23. Nd5 Qb7 24. f4 Bxd5 (24... Qa7+ {feels hotter.} 25. Rf2 Bxd5 26. Qxd5 exf4 27. gxf4 Qe3) 25. Qxd5 Qxd5 26. cxd5 Rfc8 27. fxe5 dxe5 28. Rd1 Rc5 29. d6 Nd4 30. d7 Kf8 31. Kf1 {Black continues to play with concentration.} ({Better is} 31. Rc3 $15 Ne2+ 32. Kh1 Nxc3 33. d8=Q+ Rxd8 34. Rxd8+ Ke7 35. Ra8) 31... Ke7 $1 $19 ({Inferior is} 31... Rxb2 32. d8=Q#) 32. Rc3 {[#]} (32. Rd2 $142) 32... Rxc3 $1 33. bxc3 {[%emt 0:03:29][%mdl 4096] Endgame. [#] KRB-KRN} Nb3 {[%emt 0:00:00] And now ...a4 would win.} 34. Rd5 a4 35. Rxe5+ $2 (35. d8=R Rxd8 36. Rxe5+ Kf8 37. Rb5) 35... Kxd7 {[%emt 0:00:00] Hoping for ...a3.} 36. Bh3+ (36. Rf5 $142 Ke7 37. Rf2) 36... Kc6 {[%emt 0:02:00] ...a3 is the strong threat.} 37. Re7 Rb7 38. Re8 Ra7 39. Rb8 {[%emt 0:00:30] [#]} a3 $1 {[%emt 0:00:00] ( -> ...a2)} 40. e5 (40. Rc8+ Kb5) 40... a2 {[%emt 0:00:00] Black mates.} 41. Rxb3 a1=Q+ ({And not} 41... a1=B 42. Bg2+ Kc5 43. Bh3 $14) 42. Kf2 Qa2+ 43. Ke3 Qxb3 44. Kd4 Ra4+ 45. Kd3 Qc4+ 46. Kd2 Ra2+ 47. Kc1 Qxc3+ 48. Kd1 Qd2# {[%emt 0:00:17] Weighted Error Value: White=0.49/Black=0.05 (flawless) .  Mistake:       	White=6     	Black=1      Inaccurate:     	White=4     	Black=2      OK:         	White=5     	Black=10     Best:        	White=2     	Black=3      Strong:       	---       	Black=2} 0-1

[Event "1000GM Schev-C-B February 2024"]
[Site "Santa Clara"]
[Date "2024.02.25"]
[Round "3.3"]
[White "Dominguez Aguilar, Guillermo"]
[Black "Widjaja, Luke"]
[Result "1/2-1/2"]
[ECO "C45"]
[WhiteElo "2319"]
[BlackElo "2037"]
[Annotator "RC"]
[PlyCount "91"]
[EventDate "2024.02.13"]
[EventType "schev"]
[EventCountry "USA"]
[SourceTitle "playchess.com"]
[Source "ChessBase"]
[SourceQuality "1"]
[TimeControl "5400+30"]

1. e4 e5 2. Nf3 Nc6 3. d4 exd4 4. Nxd4 Bc5 5. Be3 Qf6 6. c3 Nge7 7. Bb5 Bb6 8. O-O O-O 9. f4 d5 10. e5 Qh6 11. Qd2 Nxd4 12. cxd4 Nf5 13. Bf2 f6 14. a4 a6 15. Bd3 Nxd4 16. Bxh7+ Kxh7 17. Bxd4 fxe5 18. Bxb6 cxb6 19. Qxd5 exf4 20. Nc3 Bg4 21. Qxb7 Rad8 22. Rf2 Kh8 23. Raf1 f3 24. h3 Bc8 25. Qc7 Qe3 26. Kh2 Rd2 27. Nd5 Qxf2 28. Rxf2 Rxf2 29. Nf4 Bf5 30. Kg3 Rxb2 31. gxf3 Rf6 32. h4 Rc2 33. Qd8+ Kh7 34. Nd5 Rg6+ 35. Kf4 Rc8 36. Qe7 Bh3 37. Nc7 Bg2 38. Ne6 Rc4+ 39. Ke5 Rc2 40. Nf8+ Kh6 41. Qf7 Rc5+ 42. Kd4 Rd6+ 43. Ke3 Rf6 44. Qg8 Rxf3+ 45. Ke2 Re5+ 46. Kd2 1/2-1/2

[Event "1000GM Schev-C-B February 2024"]
[Site "Santa Clara"]
[Date "2024.02.25"]
[Round "3.4"]
[White "Gongora Montes, Benjamin"]
[Black "Chinni, Rishabh"]
[Result "1-0"]
[ECO "D03"]
[WhiteElo "2173"]
[BlackElo "1939"]
[Annotator "RC"]
[PlyCount "103"]
[EventDate "2024.02.13"]
[EventType "schev"]
[EventCountry "USA"]
[SourceTitle "playchess.com"]
[Source "ChessBase"]
[SourceQuality "1"]
[TimeControl "5400+30"]

1. d4 Nf6 2. Nf3 e6 3. Bg5 d5 4. Nbd2 Be7 5. e3 h6 6. Bf4 c5 7. c3 Bd6 8. Ne5 O-O 9. Bd3 Nc6 10. Bg3 Qc7 11. f4 Rb8 12. O-O b5 13. Bh4 Be7 14. g4 Nxe5 15. fxe5 Ne8 16. Bg3 Qd8 17. Rf3 b4 18. Qc2 Rb7 19. Raf1 Bg5 20. dxc5 bxc3 21. Qxc3 Bxe3+ 22. Kg2 Rc7 23. Nb3 d4 24. Qc2 Bb7 25. Be4 d3 26. Qc4 Bxe4 27. Qxe4 Bxc5 28. Rxd3 Qc8 29. Rc1 Be7 30. Rdc3 Qb8 31. Qc2 Qb7+ 32. Kg1 Rxc3 33. Qxc3 Bg5 34. Qc6 Qe7 35. Rc3 Qd8 36. Kg2 g6 37. Rc2 Ng7 38. Qf3 Qe7 39. Nc5 h5 40. Ne4 h4 41. Bf2 Ne8 42. Bc5 Qd8 43. Bxf8 Kxf8 44. Nxg5 Qxg5 45. Rf2 Qe7 46. Qa3 Nc7 47. Rc2 Qxa3 48. bxa3 Nb5 49. a4 Nd4 50. Rc4 Ne2 51. Kf2 g5 52. Kxe2 1-0

[Event "1000GM Schev-C-B February 2024"]
[Site "Santa Clara"]
[Date "2024.02.25"]
[Round "3.5"]
[White "Jin, Austin"]
[Black "Vidarte Morales, Arturo"]
[Result "1-0"]
[ECO "B09"]
[WhiteElo "1836"]
[BlackElo "2261"]
[Annotator "RC"]
[PlyCount "129"]
[EventDate "2024.02.13"]
[EventType "schev"]
[EventCountry "USA"]
[SourceTitle "playchess.com"]
[Source "ChessBase"]
[SourceQuality "1"]
[TimeControl "5400+30"]

1. e4 d6 2. d4 g6 3. Nc3 Bg7 4. f4 Nf6 5. Nf3 O-O 6. Be2 Na6 7. O-O c6 8. Kh1 Nc7 9. Be3 b5 10. a3 Bb7 11. Bd3 a6 12. Qd2 Nd7 13. Ne2 c5 14. c3 e6 15. Ng3 c4 16. Bc2 f5 17. d5 fxe4 18. Bxe4 Nf6 19. Nd4 Nxe4 20. Nxe4 Bxd5 21. Ng3 Qd7 22. Rae1 Rae8 23. Nc2 Bb7 24. Rd1 Nd5 25. Nb4 Nxe3 26. Qxe3 a5 27. Nc2 e5 28. fxe5 Rxf1+ 29. Nxf1 Qg4 30. Rd2 Bxe5 31. Rf2 Rf8 32. Rxf8+ Kxf8 33. Qf2+ Kg8 34. Nce3 Qe6 35. Qh4 Bf6 36. Qf4 Kg7 37. a4 b4 38. cxb4 d5 39. Qc7+ Qf7 40. Qb6 axb4 41. Qxb4 Ba8 42. Qb8 Qb7 43. Qg3 Kg8 44. Ng4 Bg7 45. Qd6 Qf7 46. Nfe3 h5 47. Ne5 Qf6 48. Qxf6 Bxf6 49. Nxg6 Bxb2 50. Ne7+ Kf7 51. N7xd5 Bc1 52. h4 Bd2 53. Nxc4 Be1 54. Ndb6 Bc6 55. Ne5+ Ke6 56. Nxc6 Kd6 57. Nb8 Kc7 58. N8d7 Bxh4 59. Kg1 Bd8 60. Kf1 Kc6 61. Ke2 Bc7 62. Kd3 Bxb6 63. Nxb6 Kxb6 64. Ke4 Ka5 65. Kf5 1-0

[Event "1000GM Schev-C-B February 2024"]
[Site "Santa Clara"]
[Date "2024.02.25"]
[Round "4.1"]
[White "Echavarria, Johann"]
[Black "Xia, Joshua"]
[Result "1-0"]
[ECO "A16"]
[WhiteElo "2269"]
[BlackElo "1922"]
[Annotator "TA"]
[PlyCount "83"]
[EventDate "2024.02.13"]
[EventType "schev"]
[EventCountry "USA"]
[SourceTitle "playchess.com"]
[Source "ChessBase"]
[SourceQuality "1"]
[TimeControl "5400+30"]

1. Nf3 Nf6 2. c4 g6 3. Nc3 Bg7 4. e4 e5 5. Nxe5 O-O 6. d3 Nxe4 $1 7. dxe4 Bxe5 8. Bd3 {[%emt 0:00:06] Weiß hat minimalen Vorteil.} Nc6 9. Bh6 Re8 10. Qd2 Nb4 11. Be2 Qf6 12. O-O Qd6 13. Qxd6 {[%emt 0:19:19] Weiß verwandelt nun seinen Vorteil.} Bxd6 14. Nb5 Be5 (14... Rxe4 $16 15. Nxd6 cxd6 (15... Rxe2 16. Rae1 $16)) 15. f4 $18 a6 (15... Bd6 $142 16. Nxd6 cxd6) 16. fxe5 axb5 17. cxb5 {[%emt 0:00:04] Und Bc4 würde nun gewinnen.} d6 18. a3 Nc2 19. Bc4 Re7 {[%emt 0:04:42] [#]} (19... Be6) 20. Rxf7 $1 Rxf7 21. Rf1 Bf5 22. exf5 g5 23. e6 Rf6 24. Bxg5 Kg7 25. Bd3 Nd4 26. Rf4 c5 27. bxc6 Nxc6 28. g4 Ne5 29. Bxf6+ Kxf6 {[%emt 0:00:04][%mdl 4096] Endspiel. KRB-KRN} 30. Be2 Rc8 31. Rb4 Rc7 32. Kf2 d5 33. Ke3 h6 34. Rb5 Rc2 35. Rxd5 Rxb2 {[%emt 0:00:19] [#]} 36. Rxe5 $1 {[%emt 0:00:38] KRB-KR. Weiß setzt Matt.} Rb3+ 37. Kf4 Rxa3 38. h4 Ra4+ 39. Re4 b5 40. g5+ Ke7 41. f6+ Ke8 42. Bxb5+ {[%emt 0:00:08] Gewichteter Fehlerwert: Weiß=0.10 (sehr präzise) /Schwarz=0.40.  Fehler:       	---       	Schwarz=3     Ungenau:       	Weiß=1     	Schwarz=4     OK:         	Weiß=8     	Schwarz=4     Bester:       	Weiß=4     	---        Stark:        	---       	Schwarz=1     Brilliant:      	Weiß=1     	---} 1-0

[Event "1000GM Schev-C-B February 2024"]
[Site "Santa Clara"]
[Date "2024.02.25"]
[Round "4.2"]
[White "Dominguez Aguilar, Guillermo"]
[Black "Qi, Jenny"]
[Result "1-0"]
[ECO "B51"]
[WhiteElo "2319"]
[BlackElo "1605"]
[Annotator "TA"]
[PlyCount "87"]
[EventDate "2024.02.13"]
[EventType "schev"]
[EventCountry "USA"]
[SourceTitle "playchess.com"]
[Source "ChessBase"]
[SourceQuality "1"]
[TimeControl "5400+30"]

1. e4 c5 2. Nf3 d6 3. Bb5+ Nd7 4. c3 Ngf6 5. Qe2 a6 6. Ba4 g6 7. d4 cxd4 8. cxd4 Bg7 {[%emt 0:00:00] The position is equal.} 9. e5 (9. Nc3 $14) 9... dxe5 $15 10. dxe5 Nd5 (10... Qa5+ $1 $15 11. Nc3 Nd5) 11. O-O $36 {[%emt 0:00:00][%mdl 2048] Threatens to win with e6. White is more active.} O-O (11... b5 $11 12. Rd1 bxa4 13. Rxd5 O-O) 12. e6 (12. Bb3 $1 $14 N7b6 13. Nc3) 12... N7b6 (12... Nc5 $15 {keeps the upper hand.} 13. exf7+ Rxf7) 13. exf7+ $16 {[%emt 0:00:00] White leaves nothing to chance now.} Rxf7 14. Bb3 Bg4 15. Nbd2 e6 {[%emt 0:00:00] [#]} 16. h3 $1 Nf4 (16... Bxf3 $16 17. Nxf3 Qd6) 17. Qe4 $18 Bxf3 (17... Bxh3 {might work better.} 18. gxh3 Nbd5) 18. Nxf3 Nfd5 19. Qxe6 Qd7 20. Re1 Kh8 21. Rb1 Re7 22. Qxd7 Rxd7 23. Re6 Rc8 (23... Rf8 $142 24. Bg5 h6 25. Bxh6 Bxh6) 24. Bd2 Rdc7 25. Ba5 {[%emt 0:00:00] This pair of bishops is nice.} Rc6 26. Rxc6 Rxc6 {[%emt 0:00:00] [#]} (26... bxc6 27. Ng5 Bf6) 27. Rd1 Bxb2 28. Bxd5 Nxd5 29. Rxd5 Rc1+ 30. Kh2 Ra1 31. Rd2 Bc1 (31... Bf6 $142 32. g4 Rb1) 32. Bc3+ Kg8 33. Rd8+ Kf7 34. Bxa1 Ke7 35. Rh8 Kd7 36. Rxh7+ Kc8 37. Be5 {[%emt 0:00:00] White mates.} Kd8 38. Rxb7 Ke8 39. Nd4 Kf8 40. Ne6+ Ke8 41. Bd6 Bg5 42. Nxg5 a5 43. Ne6 a4 44. Re7# {[%emt 0:00:00] Weighted Error Value: White=0.22 (precise) /Black=0.67.  Mistake:       	White=2     	Black=8      Inaccurate:     	White=3     	Black=2      OK:         	White=5     	Black=7      Best:        	White=5     	Black=2      Strong:       	White=1     	---} 1-0

[Event "1000GM Schev-C-B February 2024"]
[Site "Santa Clara"]
[Date "2024.02.25"]
[Round "4.3"]
[White "Widjaja, Luke"]
[Black "Gongora Montes, Benjamin"]
[Result "1-0"]
[ECO "B28"]
[WhiteElo "2037"]
[BlackElo "2173"]
[Annotator "RC"]
[PlyCount "67"]
[EventDate "2024.02.13"]
[EventType "schev"]
[EventCountry "USA"]
[SourceTitle "playchess.com"]
[Source "ChessBase"]
[SourceQuality "1"]
[TimeControl "5400+30"]

1. e4 e6 2. d4 d5 3. e5 c5 4. c3 Bd7 5. Nf3 a6 6. Be2 cxd4 7. cxd4 Bb5 8. O-O Bxe2 9. Qxe2 Nc6 10. h4 h6 11. h5 Nge7 12. Qd3 g6 13. hxg6 Nxg6 14. g3 Rg8 15. Kg2 h5 16. Nc3 h4 17. Ne2 hxg3 18. fxg3 Be7 19. a3 Qb6 20. Ng5 Bxg5 21. Bxg5 Ngxe5 22. Qe3 Nc4 23. Qf4 Rg7 24. Qf6 Qxb2 25. Qxg7 Qxe2+ 26. Kg1 Qh5 27. Qg8+ Kd7 28. Rxf7+ Kd6 29. Bf4+ e5 30. Rf6+ Kc7 31. Qg7+ Kb8 32. Rxc6 exf4 33. Qf8+ Ka7 34. Qc5+ 1-0

[Event "1000GM Schev-C-B February 2024"]
[Site "Santa Clara"]
[Date "2024.02.25"]
[Round "4.4"]
[White "Chinni, Rishabh"]
[Black "Vidarte Morales, Arturo"]
[Result "1/2-1/2"]
[ECO "B42"]
[WhiteElo "1939"]
[BlackElo "2261"]
[Annotator "TA"]
[PlyCount "69"]
[EventDate "2024.02.13"]
[EventType "schev"]
[EventCountry "USA"]
[SourceTitle "playchess.com"]
[Source "ChessBase"]
[SourceQuality "1"]
[TimeControl "5400+30"]

1. e4 c5 2. Nf3 e6 3. d4 cxd4 4. Nxd4 a6 5. Bd3 Bc5 6. Nb3 Be7 7. Qg4 Bf6 8. f4 d6 9. Qf3 Qc7 {[%emt 0:00:19] White is slightly better.} 10. O-O Nd7 11. c3 Ne7 12. Be3 e5 13. f5 h6 14. c4 {[%emt 0:01:13] White is more active.} b6 15. Nc3 Bb7 16. g4 Bg5 17. Qf2 Ng8 18. h4 Bxe3 19. Qxe3 Ngf6 (19... Nc5 {keeps more tension.} 20. Nxc5 Qxc5 21. Kf2 Nf6) 20. Be2 Nc5 21. Nxc5 (21. Nd2 $14) 21... Qxc5 $11 {[%emt 0:00:39] The position is equal.} 22. Qxc5 bxc5 23. Bf3 Ke7 24. Kf2 g5 25. h5 Rhb8 26. Ke3 Bc6 27. b3 a5 28. Rfb1 a4 29. bxa4 Rxb1 30. Rxb1 Bxa4 31. Rb7+ Kf8 32. Rb6 Ke7 33. Rb7+ Kf8 34. Rb6 Ke7 35. Rb7+ {[%emt 0:03:17] Weighted Error Value: White=0.08 (flawless) /Black=0.05 (flawless) .  Mistake:       	White=1     	---        Inaccurate:     	White=2     	Black=3      OK:         	White=9     	Black=14     Best:        	---       	Black=1} 1/2-1/2

[Event "1000GM Schev-C-B February 2024"]
[Site "Santa Clara"]
[Date "2024.02.25"]
[Round "4.5"]
[White "Gracia Alvarez, Gerardo Antonio"]
[Black "Jin, Austin"]
[Result "1-0"]
[ECO "D35"]
[WhiteElo "2224"]
[BlackElo "1836"]
[Annotator "RC"]
[PlyCount "94"]
[EventDate "2024.02.13"]
[EventType "schev"]
[EventCountry "USA"]
[SourceTitle "playchess.com"]
[Source "ChessBase"]
[SourceQuality "1"]
[TimeControl "5400+30"]

1. d4 d5 2. c4 e6 3. Nc3 Be7 4. Nf3 Nf6 5. cxd5 exd5 6. Bf4 c6 7. h3 Bf5 8. e3 O-O 9. g4 Bg6 10. Ne5 Ne4 11. Nxg6 hxg6 12. Qc2 Bb4 13. Bd3 Nxc3 14. bxc3 Bd6 15. Bxd6 Qxd6 16. h4 Nd7 17. g5 Rfe8 18. Rh3 c5 19. Kf1 Qe6 20. Kg2 Rac8 21. Qe2 Kf8 22. Re1 Qd6 23. h5 gxh5 24. Qxh5 g6 25. Qf3 Qe6 26. e4 Kg7 27. Reh1 Rh8 28. Rxh8 Rxh8 29. Rxh8 Kxh8 30. exd5 Qe7 31. Qf4 cxd4 32. d6 Qe5 33. Qxd4 Kg8 34. Qxe5 Nxe5 35. Be4 Kf8 36. Bxb7 Nc4 37. d7 Ke7 38. Bc6 a5 39. f4 Kd8 40. Kf2 Nd6 41. Ke3 Nf5+ 42. Ke4 Ke7 43. c4 Ng7 44. Bd5 Nf5 45. c5 Kxd7 46. Bxf7 Ne7 47. Kd4 Kc6 1-0

[Event "1000GM Schev-C-B February 2024"]
[Site "Santa Clara"]
[Date "2024.02.26"]
[Round "5.1"]
[White "Xia, Joshua"]
[Black "Dominguez Aguilar, Guillermo"]
[Result "0-1"]
[ECO "B39"]
[WhiteElo "1922"]
[BlackElo "2319"]
[Annotator "RC"]
[PlyCount "108"]
[EventDate "2024.02.13"]
[EventType "schev"]
[EventCountry "USA"]
[SourceTitle "playchess.com"]
[Source "ChessBase"]
[SourceQuality "1"]
[TimeControl "5400+30"]

1. e4 c5 2. Nf3 Nc6 3. d4 cxd4 4. Nxd4 g6 5. c4 Bg7 6. Be3 Nf6 7. Nc3 Ng4 8. Qxg4 Nxd4 9. Qd1 Ne6 10. Be2 b6 11. O-O Bb7 12. Bf3 Bxc3 13. bxc3 Qc7 14. Qa4 O-O 15. Qb4 d6 16. a4 Rac8 17. a5 Nc5 18. axb6 axb6 19. Bxc5 bxc5 20. Qb2 Bc6 21. h4 h5 22. Qe2 Kg7 23. Qe3 Rh8 24. Be2 e5 25. Rad1 Qe7 26. Rd3 Rhd8 27. g3 Rb8 28. Rfd1 Rb6 29. f3 Ba4 30. R1d2 Qe6 31. Bf1 Rb1 32. Rd5 Bb3 33. Qd3 Rc1 34. Kg2 Rd7 35. Kh2 Kf8 36. Qe2 Ke7 37. Qd3 Ba4 38. Bh3 Rh1+ 39. Kxh1 Qxh3+ 40. Rh2 Qxg3 41. Qf1 Rb7 42. Rd3 Bd7 43. Rd1 Be6 44. Qd3 Rb6 45. Qe2 Ra6 46. Rb1 Ra4 47. Qd1 Rxc4 48. Rb7+ Kf6 49. Qxd6 Qxf3+ 50. Rg2 Rxe4 51. Qe7+ Kg7 52. Qxe6 Qf1+ 53. Kh2 Rxh4+ 54. Kg3 Qf4# 0-1

[Event "1000GM Schev-C-B February 2024"]
[Site "Santa Clara"]
[Date "2024.02.26"]
[Round "5.2"]
[White "Gongora Montes, Benjamin"]
[Black "Qi, Jenny"]
[Result "1-0"]
[ECO "A46"]
[WhiteElo "2173"]
[BlackElo "1605"]
[Annotator "RC"]
[PlyCount "95"]
[EventDate "2024.02.13"]
[EventType "schev"]
[EventCountry "USA"]
[SourceTitle "playchess.com"]
[Source "ChessBase"]
[SourceQuality "1"]
[TimeControl "5400+30"]

1. d4 Nf6 2. Nf3 e6 3. Bg5 h6 4. Bxf6 Qxf6 5. e4 d6 6. e5 dxe5 7. dxe5 Qf4 8. Qd2 Qxd2+ 9. Nbxd2 Nd7 10. O-O-O g5 11. g4 Bg7 12. Re1 a6 13. h4 b5 14. Bd3 Bb7 15. Be4 O-O-O 16. Bxb7+ Kxb7 17. Ne4 Kb6 18. Ng3 Rhg8 19. hxg5 hxg5 20. Rh5 c6 21. c3 Rh8 22. Kc2 Rxh5 23. Nxh5 Bh8 24. Rd1 Kc7 25. Nxg5 Bxe5 26. Nxf7 Rf8 27. Rxd7+ Kxd7 28. Nxe5+ Kd6 29. f4 Rxf4 30. Nxf4 Kxe5 31. Nd3+ Kf6 32. Nb4 Kg5 33. Kd3 Kxg4 34. Ke4 Kg3 35. Nxa6 Kf2 36. Nb4 Ke2 37. Nxc6 Kd2 38. Nd4 Kc1 39. b4 Kb2 40. Nxb5 Kxa2 41. Nd4 Kb2 42. Ne2 Kb3 43. b5 Kc4 44. b6 Kc5 45. b7 Kc6 46. b8=Q Kc5 47. Nd4 Kc4 48. Qc8# 1-0

[Event "1000GM Schev-C-B February 2024"]
[Site "Santa Clara"]
[Date "2024.02.26"]
[Round "5.3"]
[White "Vidarte Morales, Arturo"]
[Black "Widjaja, Luke"]
[Result "1/2-1/2"]
[ECO "D36"]
[WhiteElo "2261"]
[BlackElo "2037"]
[Annotator "RC"]
[PlyCount "57"]
[EventDate "2024.02.13"]
[EventType "schev"]
[EventCountry "USA"]
[SourceTitle "playchess.com"]
[Source "ChessBase"]
[SourceQuality "1"]
[TimeControl "5400+30"]

1. d4 d5 2. c4 e6 3. Nc3 Nf6 4. cxd5 exd5 5. Bg5 Be7 6. e3 c6 7. Bd3 Nbd7 8. Nf3 O-O 9. O-O Re8 10. Qc2 h6 11. Bf4 Nf8 12. h3 b5 13. Ne5 Bb7 14. Rac1 Ne6 15. Bh2 a6 16. Bf5 Bd6 17. Rfd1 c5 18. dxc5 Nxc5 19. Nf3 Bxh2+ 20. Kxh2 Qb8+ 21. Kg1 Nce4 22. Nd4 g6 23. Bxe4 dxe4 24. Nde2 Qe5 25. Qd2 Qg5 26. Qd6 Kg7 27. Qc7 Bc8 28. Qg3 Be6 29. Qxg5 1/2-1/2

[Event "1000GM Schev-C-B February 2024"]
[Site "Santa Clara"]
[Date "2024.02.26"]
[Round "5.4"]
[White "Chinni, Rishabh"]
[Black "Gracia Alvarez, Gerardo Antonio"]
[Result "0-1"]
[ECO "C76"]
[WhiteElo "1939"]
[BlackElo "2224"]
[Annotator "RC"]
[PlyCount "91"]
[EventDate "2024.02.13"]
[EventType "schev"]
[EventCountry "USA"]
[SourceTitle "playchess.com"]
[Source "ChessBase"]
[SourceQuality "1"]
[TimeControl "5400+30"]

1. e4 e5 2. Nf3 Nc6 3. Bb5 a6 4. Ba4 d6 5. d4 Bd7 6. c3 g6 7. O-O Bg7 8. Be3 Nf6 9. Nbd2 Ng4 10. Bg5 f6 11. Bh4 h5 12. h3 g5 13. hxg4 hxg4 14. Bg3 gxf3 15. Nxf3 Ne7 16. Bxd7+ Qxd7 17. dxe5 dxe5 18. Qxd7+ Kxd7 19. Rfd1+ Ke6 20. Rd3 Rad8 21. Rad1 Rxd3 22. Rxd3 Nc8 23. Nd2 Bf8 24. f3 Nb6 25. Bf2 Nd7 26. b4 c5 27. a3 Be7 28. Nc4 Rc8 29. Ne3 Nb6 30. Nd5 Nxd5 31. exd5+ Kd7 32. g4 Bd6 33. Kg2 cxb4 34. cxb4 Rc4 35. Be3 Rc2+ 36. Kf1 Ra2 37. Bb6 Ke7 38. Kg1 Rc2 39. Kf1 Kf7 40. Kg1 Kg6 41. Kf1 Rc4 42. Ke2 e4 43. fxe4 Rxe4+ 44. Kf3 Rf4+ 45. Ke3 Rxg4 46. Bc5 0-1

[Event "1000GM Schev-C-B February 2024"]
[Site "Santa Clara"]
[Date "2024.02.26"]
[Round "5.5"]
[White "Jin, Austin"]
[Black "Echavarria, Johann"]
[Result "0-1"]
[ECO "B22"]
[WhiteElo "1836"]
[BlackElo "2269"]
[Annotator "TA"]
[PlyCount "96"]
[EventDate "2024.02.13"]
[EventType "schev"]
[EventCountry "USA"]
[SourceTitle "playchess.com"]
[Source "ChessBase"]
[SourceQuality "1"]
[TimeControl "5400+30"]

1. e4 c5 2. c3 d5 3. exd5 Qxd5 4. d4 Nf6 5. Nf3 cxd4 6. cxd4 e6 7. Nc3 Qd6 8. Be2 Be7 9. O-O O-O 10. Nb5 {[%emt 0:00:00] The position is equal.} Qb6 11. Bg5 Nc6 12. Na3 (12. Qc2 {looks sharper.} Nd5 13. Rad1 Bd7 14. Nc3) 12... Na5 (12... Nd5 $15) 13. Rb1 Qd8 14. Nc4 Nxc4 15. Bxc4 b6 16. Bxf6 Bxf6 17. d5 exd5 18. Bxd5 {[%emt 0:00:00] [#]} Bf5 $1 {[%emt 0:04:24] A strong pair of Bishops.} 19. Bxa8 {[%emt 0:00:00] Bc6 is the strong threat.} Bxb1 20. Qxb1 Qxa8 21. b3 g6 22. h3 Rc8 23. Rc1 Rxc1+ 24. Qxc1 $11 {[%emt 0:00:00][%mdl 4096] Endgame. KQB-KQN} Qe4 25. Qd1 Kg7 26. Kf1 b5 27. a4 a6 28. Kg1 h5 29. Qe1 (29. axb5 $11 axb5 30. g3) 29... Qxe1+ (29... Qd3 $1 $17 30. axb5 axb5 (30... Qxb3 31. bxa6 Qa2 32. Qf1 $16) (30... Qxb5 31. Qf1 $11)) 30. Nxe1 bxa4 31. bxa4 $17 {[%emt 0:00:00] KB-KN} Kf8 32. Kf1 {[%emt 0:02:07] White is now going downhill.} Ke7 $1 33. Ke2 Kd6 34. Nd3 (34. Nc2 $142) 34... a5 35. f4 (35. g4 $17 {might work better.}) 35... Kd5 $19 36. f5 (36. g3 $142) 36... g5 (36... gxf5 $19 {White must now prevent ...h4.} 37. Nf4+ Kc4 38. Nxh5 Be5) 37. g4 $2 {[%emt 0:03:23][%mdl 8192] [#]} (37. Kf3 $17) 37... hxg4 $1 38. hxg4 Ke4 39. Nc5+ Kf4 40. Nb7 Bc3 $2 (40... Kxg4 $19 {has better winning chances. ...Kh3 would now be deadly.} 41. Nd6 Kh3) 41. Nd6 $2 {[%emt 0:03:49][%mdl 8192] [#]} (41. Nd8 $17) 41... f6 $1 (41... Kxg4 42. Nxf7 Kxf5 43. Kf3 $17) 42. Kd3 Bb4 43. Ne4 Be7 44. Nd2 Kxg4 45. Ke4 Kh3 {[%emt 0:00:00] ( -> ...g4)} 46. Nc4 g4 47. Ne3 Bd6 48. Nd1 Bc5 {[%emt 0:00:27] Weighted Error Value: White=0.81/Black=0.22 (precise) .  Loses game:     	White=1     	---        Mistake:       	White=4     	Black=3      Inaccurate:     	White=3     	---        OK:         	White=7     	Black=11     Best:        	White=1     	Black=4      Strong:       	---       	Black=3} 0-1